Map: Overgrowth LE (Void)

Players

Elazer

  • Race: Zerg Zerg
  • Spawn Location: 7:00

Zerghamdi - Winner!

  • Race: Zerg Zerg
  • League: Master
  • Spawn Location: 1:00

Event: WESG 2016 Finals

VOD

Have the link to the VOD?

Description

Time

  • Played on: Jan. 12, 2017, 9:07 p.m.
  • Length: 4:26

All games in this series

Show
View Real Time Build Order
Export as new Build Order

Elazer Zerg 

Build Orders: Hatch First 

Get SALT Encoding   

  12  0:00  Drone  
  13  0:12  Overlord  
  13  0:17  Drone  
  14  0:30  Drone x2  
  14  0:33  Drone  
  17  0:51  Hatchery  
  17  0:53  Drone  
  17  0:56  Drone  
  18  1:06  Extractor  
  18  1:10  Spawning Pool  
  16  1:14  Drone  
  16  1:17  Drone  
  18  1:27  Drone  
  19  1:38  Overlord  
  19  1:49  Drone  
  20  1:57  Queen  
  20  1:59  Drone  
  23  2:02  Queen  
  23  2:03  Drone  
  23  2:07  Metabolic Boost  
  26  2:11  Drone  
  27  2:15  Zergling x2  
  28  2:28  Hatchery  
  27  2:33  Queen  
  27  2:36  Drone  
  30  2:38  Drone  
  30  2:42  Overlord  
  31  2:45  Drone  
  31  2:48  Drone  
  31  2:50  Drone  
  34  2:58  Zergling x2  
  35  2:59  Spine Crawler  
  35  3:01  Zergling x2  
  35  3:05  Zergling x4  
  35  3:09  Zergling x2  
  37  3:13  Zergling x2  
  37  3:16  Zergling x2  
  27  3:21  Zergling x4  
  27  3:25  Zergling x2  
  24  3:31  Zergling x2  
  23  3:37  Zergling x2  
  20  3:48  Queen  
  20  3:51  Drone  
  23  3:56  Drone  
  23  3:57  Drone  
  23  4:01  Drone  
Show
View Real Time Build Order
Export as new Build Order

Zerghamdi Zerg - Winner!

Build Orders: Pool First 

Get SALT Encoding   

  12  0:00  Drone  
  13  0:12  Overlord  
  13  0:17  Drone  
  14  0:30  Drone x2  
  14  0:33  Extractor  
  15  0:43  Spawning Pool  
  15  0:48  Drone  
  15  1:11  Hatchery  
  14  1:30  Zergling x4  
  16  1:33  Metabolic Boost  
  16  1:43  Queen  
  18  2:00  Baneling Nest, Zergling x2  
  18  2:06  Zergling x4  
  20  2:12  Zergling x2  
  21  2:23  Zergling x4  
  23  2:33  Zergling x2  
  24  2:40  Zergling x2  
  24  2:43  Zergling x2  
  26  2:45  Baneling x3  
  26  2:46  Baneling  
  26  2:50  Zergling x2  
  27  2:59  Zergling x2  
  27  3:18  Zergling x6  
  27  3:26  Zergling x4  
  27  3:27  Baneling  
  27  3:31  Zergling x4  
  26  3:34  Zergling x2  
  25  3:46  Zergling x2  
  25  3:47  Zergling x2  
  26  3:50  Baneling x2  
  26  3:53  Zergling x2  
  26  3:54  Zergling x2  
Tags
 
Add a new tag
Caveats
  • Supply blocks, unpowered buildings, or Contaminate may cause inaccurate times.
  • Supply counts are checked every 10 seconds.